 Dungeon Crawl Stone Soup version 0.29.1-15-g9cfb28693d (webtiles) character file.

Game seed: 7314665178029186161

266 protoss039 the Digger (level 6, 46/46 HPs)
             Began as a Demonspawn Earth Elementalist on Mar 29, 2023.
             Got out of the dungeon alive.
             The game lasted 00:04:08 (3426 turns).

protoss039 the Digger (DsEE)                        Turns: 3426, Time: 00:04:09

Health: 46/46      AC:  4    Str:  8    XL:     6   Next: 0%
Magic:  10/10      EV: 13    Int: 18    God:
Gold:   174        SH:  4    Dex: 14    Spells: 5/11 levels left

rFire   . . .      SeeInvis .   k - +1 dagger (speed)
rCold   + + .      Faith    .   (no shield)
rNeg    . . .      Spirit   .   o - +1 leather armour {rC+}
rPois   .          Reflect  .   (no helmet)
rElec   .          Harm     .   (no cloak)
rCorr   .          Rampage  .   (no gloves)
Will    .....                   (no boots)
Stlth   ++........              (no amulet)
HPRegen 0.15/turn               j - ring of protection from cold
MPRegen 0.12/turn               (no ring)

@: no status effects
A: claws 2, repulsion field 1, condensation shield
a: no special abilities


You escaped.
You visited 1 branch of the dungeon, and saw 4 of its levels.

You collected 174 gold pieces.

Inventory:

Hand Weapons
 k - a +1 dagger of speed (weapon)
Armour
 o - a +1 leather armour of cold resistance (worn)
Jewellery
 j - a ring of protection from cold (left claw)
Scrolls
 a - a scroll of fog {unknown}
 d - a scroll of amnesia {unknown}
 e - a scroll of identify
 f - a scroll of vulnerability {unknown}
 g - a scroll of blinking {unknown}
 h - 3 scrolls of enchant weapon
 l - 2 scrolls of fear
 m - 2 scrolls of brand weapon
 r - a scroll of immolation {unknown}
 s - a scroll of teleportation {unknown}
 t - a scroll of poison {unknown}
Potions
 b - a potion of magic
 c - 2 potions of might
 i - a potion of brilliance
 n - a potion of degeneration {unknown}
 p - a potion of curing {unknown}


   Skills:
 + Level 2.4 Fighting
 * Level 2.6 Armour
 - Level 1.7 Dodging
 - Level 1.7 Stealth
 + Level 3.0 Spellcasting
 + Level 1.2 Conjurations
 - Level 1.0 Transmutations
 + Level 3.7 Earth Magic


You had 5 spell levels left.
You knew the following spells:

 Your Spells              Type           Power      Damage    Failure   Level
a - Sandblast             Erth           32%        2d9       4%          1
b - Passwall              Tmut/Erth      9%         N/A       13%         2
c - Stone Arrow           Conj/Erth      22%        3d8       24%         3

Your spell library contained the following spells:

 Spells                   Type           Power      Damage    Failure   Level
 Petrify                  Tmut/Erth      11%        N/A       65%         4
 Borgnjor's Revivificati  Necr           1%         N/A       100%        8
 Necromutation            Tmut/Necr      2%         N/A       100%        8
 Death's Door             Necr           1%         N/A       100%        9


Dungeon Overview and Level Annotations

Branches:
Dungeon (4/15) Zot: 20533
 Temple: D:4-7

Altars:

Shops:
D:1 :


Innate Abilities, Weirdness & Mutations

You have very sharp fingernails.
You are surrounded by a mild repulsion field. (EV +2)
A meltable shield of frost defends you. (SH +4)


Message History

Unknown command.
Casting: Sandblast (safe; 5% risk of failure)
Confirm with . or Enter, or press ? or * to list all spells.
Aiming: Sandblast (safe; 5% risk of failure)
Press: ? - help, Shift-Dir - straight line, f/p - ogre
Aim: an ogre, wielding a +0 giant club (almost dead, 91% to hit)
The blast of sand hits the ogre!
You kill the ogre!
Your Spellcasting skill increases to level 3!
Your Conjurations skill increases to level 1!
You have reached level 6!
Your demonic ancestry asserts itself...
Frost condenses into a shield before you.
Unknown command.
(D) Dungeon
Where to? (Enter - D:3 @ (x,y), ? - help)
What level of the Dungeon? (default 1, ? - help)
There is a stone staircase leading up here.
You climb upwards.
There is a stone staircase leading down here.
You see here 2 scrolls of noise.
Things that are here:
a +0 falchion; an orc skeleton Magic restored.
Items here: ))) [[ ÷÷.
You see here 6 stones.
There is a stone staircase leading up here.
You climb upwards.
There is a stone staircase leading down here.
You see here a +0 robe.
There is a stone staircase leading up here.
You climb upwards.
There is a stone staircase leading down here.
You see here a +0 robe.
There is an open door here.
You open the door.
There is an open door here.
There is a staircase leading out of the dungeon here.
Are you sure you want to leave the Dungeon?
This will make you lose the game!
You have escaped!

# ## .# .# .# .# ######### .#
##.......## ## ##
######....@....###########. ##
##...................##..... .#
#...⌠....##'##....⌠...#.....
.#####........#...#........#..##.
.....#........'8.8'........#.###.
.#.#############'############# #.
.#....)..#.# #......#..#..# ##.
......####.# #.#......#...# ##..
##..#.###..# ##..........#.###..#


There were no monsters in sight!

Vanquished Creatures
  An ogre (D:4)
  An orc priest (D:3)
  An orc wizard (D:3)
  4 adders (D:2)
  4 worms
  4 dart slugs
  8 orcs
  2 endoplasms (D:2)
  6 giant cockroaches
  5 hobgoblins
  A kobold (D:2)
  4 quokkas
  4 ball pythons
  5 bats
  4 frilled lizards
  4 goblins
  7 rats
65 creatures vanquished.

Notes
Turn   | Place    | Note
-------+----------+-------------------------------------------
     0 | D:1      | protoss039 the Demonspawn Earth Elementalist began the
                  | quest for the Orb.
     0 | D:1      | Reached XP level 1. HP: 13/13 MP: 3/3
   153 | D:1      | Gained mutation: You have sharp fingernails. [demonic
                  | ancestry]
   153 | D:1      | Reached XP level 2. HP: 20/20 MP: 5/5
   192 | D:1      | Found Vusuj's Book Shop.
   296 | D:1      | Reached skill level 1 in Fighting
   585 | D:1      | Learned a level 2 spell: Passwall
   592 | D:2      | Reached skill level 1 in Transmutations
   592 | D:2      | Gained mutation: You have very sharp fingernails. [demonic
                  | ancestry]
   592 | D:2      | Reached XP level 3. HP: 21/26 MP: 3/6
   780 | D:2      | Reached skill level 1 in Armour
  1259 | D:2      | Gained mutation: You are surrounded by a mild repulsion
                  | field. (EV +2) [demonic ancestry]
  1259 | D:2      | Reached XP level 4. HP: 33/33 MP: 5/7
  1768 | D:2      | Learned a level 3 spell: Stone Arrow
  2777 | D:3      | Reached XP level 5. HP: 38/38 MP: 5/9
  3327 | D:4      | Noticed an ogre
  3332 | D:4      | Killed an ogre
  3333 | D:4      | Reached skill level 1 in Conjurations
  3333 | D:4      | Gained mutation: A meltable shield of frost defends you.
                  | (SH +4) [demonic ancestry]
  3333 | D:4      | Reached XP level 6. HP: 46/46 MP: 6/10
  3426 | D:$      | Got out of the dungeon alive.

Illustrated notes

Levels and vault maps discovered:
D:1:      giann_wishing_wells, layout_rooms, serial_shops,
          nicolae_shop_waterfront, minmay_heptomino_l4
D:2:      layout_loops_ring
D:3:      layout_basic, hangedman_decor_growths, grunt_ministairs_3
D:4:      layout_basic, serial_rivers, chequers_serial_rivers_small_3,
          chequers_serial_rivers_small_b, chequers_serial_rivers_small_b,
          chequers_serial_rivers_micro_a, chequers_serial_rivers_small_b,
          cheibrodos_sewer_entry_drain

Skill      XL: |  1  2  3  4  5 |
---------------+----------------+-----
Earth Magic    | 3 |  3.7
Fighting       | 1 2 |  2.4
Transmutations | 1 |  1.0
Armour         | 1 2 |  2.6
Spellcasting   | 3 |  3.0
Conjurations   | 1 |  1.2
Dodging        | |  1.7
Stealth        | |  1.7

Action                   |  1- 3 |  4- 6 || total
-------------------------+-------+-------++-------
Melee: Dagger            |    18 |    14 ||    32
 Cast: Sandblast         |    39 |    57 ||    96
  Use: Scroll            |       |     6 ||     6
 Stab: Sleeping          |     3 |       ||     3
Armor: Robe              |     6 |       ||     6
       Leather armour    |       |    10 ||    10
Dodge: Dodged            |    14 |    20 ||    34
